 Dungeon Crawl Stone Soup version 0.31-a0-1-g4198be8af4 (webtiles) character file.

Game seed: 1679540104902241391

106 greasedhog the Shooter (level 5, 0/41 HPs)
             Began as a Formicid Hunter on May 1, 2023.
             Slain by an orc priest
             ... wielding a +0 short sword
              (2 damage)
             ... on level 3 of the Dungeon.
             The game lasted 00:02:04 (1577 turns).

greasedhog the Shooter (Formicid Hunter)            Turns: 1577, Time: 00:02:04

Health: 0/41       AC:  5    Str: 15    XL:     5   Next: 10%
Magic:  5/5        EV: 12    Int:  9    God:
Gold:   156        SH:  0    Dex: 19    Spells: 4/4 levels left

rFire   + . .        a - +0 shortbow
rCold   . . .        (no shield)
rNeg    . . .        d - +2 leather armour {rF+}
rPois   .            (helmet unavailable)
rElec   .            (no cloak)
rCorr   .            (no gloves)
SInv    +            (no boots)
Will    .....        (no amulet)
Stlth   ++           (no ring)
HPRegen 0.26/turn    (no ring)
MPRegen 0.09/turn

%: no passive effects
@: no status effects
A: permanent stasis, dig shafts and tunnels, antennae 3, four strong arms
a: Dig, Shaft Self


You were on level 3 of the Dungeon.
You visited 1 branch of the dungeon, and saw 3 of its levels.

You collected 156 gold pieces.

Inventory:

Hand Weapons
 a - a +0 shortbow (weapon)
 o - a +2 short sword of holy wrath
Armour
 d - a +2 leather armour of fire resistance (worn)
Jewellery
 i - a ring of fire
Scrolls
 b - a scroll of immolation
 e - a scroll of poison {unknown}
 j - a scroll of teleportation {unknown}
 k - a scroll of noise {unknown}
 l - a scroll of magic mapping {unknown}
 m - a scroll of fear {unknown}
 r - a scroll of identify {unknown}
Potions
 c - a potion of haste {unknown}
 f - 5 potions of heal wounds {unknown}
 g - 2 potions of curing {unknown}
 h - a potion of degeneration {unknown}
 n - a potion of lignification {unknown}
 p - a potion of invisibility {unknown}
 q - a potion of mutation {unknown}


   Skills:
 + Level 3.4 Fighting
 * Level 5.4 Ranged Weapons
 - Level 1.7 Dodging
 - Level 1.2 Stealth


You had 4 spell levels left.
You didn't know any spells.
Your spell library contained the following spells:

 Spells                   Type           Power      Damage    Failure   Level
 Dazzling Flash           Conj/Hex       0%         N/A       83%         3
 Volatile Blastmotes      Fire/Tloc      0%         2d10      83%         3
 Iskenderun's Mystic Bla  Conj/Tloc      0%         2d3       99%         4
 Starburst                Conj/Fire      0%         6d3       100%        6


Dungeon Overview and Level Annotations

Branches:
Dungeon (3/15)

Altars:


Innate Abilities, Weirdness & Mutations

You cannot be hasted, slowed, berserked, paralysed or teleported.
You can dig through walls and to a lower floor.
You have a pair of large antennae on your head. (SInv)
Your four strong arms can wield two-handed weapons with a shield.


Message History

An orc priest comes into view. It is wielding a +0 short sword.
The gnoll shouts!
The orc priest shouts!
You hear a shout!
The orc wizard gestures at you while chanting.
The puff of flame hits you. You resist.
A frilled lizard comes into view.
You bump into the rock wall.
The orc wizard mumbles some strange words.
The orc wizard flickers and vanishes for a moment.
The orc wizard gestures wildly while chanting.
The orc wizard flickers and vanishes for a moment.
The orc wizard casts a spell at you. The magic dart hits you.
The gnoll hits you from afar with a +0 spear!
The orc priest calls down the wrath of Beogh upon you.
Beogh smites you!
You hear a shout!
You bump into the rock wall.
You hear a shout!
The gnoll hits you from afar with a +0 spear.
An orc comes into view. It is wielding a +0 hand axe.
The orc misses you.
The orc wizard attacks as you move away!
The orc wizard hits you with a +0 dagger.
* * * LOW HITPOINT WARNING * * *
The gnoll barely misses you. The orc barely misses you.
You clumsily bash the orc priest but do no damage.
You feel less confused. The orc priest barely misses you.
The orc wizard hits you with a +0 dagger.
* * * LOW HITPOINT WARNING * * *
The orc hits you but does no damage. The gnoll barely misses you.
The gnoll hits you from afar with a +0 spear!
* * * LOW HITPOINT WARNING * * *
The orc priest completely misses you. The orc barely misses you.
The orc wizard hits you with a +0 dagger.
* * * LOW HITPOINT WARNING * * *
The gnoll barely misses you.
The orc priest hits you with a +0 short sword.
You die...

.......#.# #.........
#........###.........
#.#............. .#
#.#............. .
#.#.o......#... #.
#.#o...#.o:#
#.###.o.o..##...#
#.....og............
#...#@.#+#.##....###
#.#.#..#+#.##..o... #
#.<.......#.......
#.#.......#og......
...#.......#...l####
#######.....# ..#+##
.... ....#


You could see an orc priest, 2 orc wizards, a gnoll and 2 orcs.

Vanquished Creatures
  4 gnolls
  2 adders (D:2)
  A dart slug (D:2)
  7 ball pythons
  4 endoplasms
  2 giant cockroaches
  5 goblins
  8 hobgoblins
  3 kobolds
  5 quokkas
  A bat (D:1)
  2 rats (D:1)
44 creatures vanquished.

Notes
Turn   | Place    | Note
-------+----------+-------------------------------------------
     0 | D:1      | greasedhog the Formicid Hunter began the quest for the Orb.
     0 | D:1      | Reached XP level 1. HP: 16/16 MP: 1/1
   215 | D:1      | Reached XP level 2. HP: 23/23 MP: 2/2
   319 | D:1      | Reached XP level 3. HP: 28/28 MP: 3/3
   817 | D:2      | Reached XP level 4. HP: 35/35 MP: 4/4
   825 | D:1      | Reached skill level 5 in Ranged Weapons
  1179 | D:2      | Reached XP level 5. HP: 41/41 MP: 5/5
  1574 | D:3      | HP: 2/41 [orc wizard/+0 dagger (1)]
  1577 | D:3      | Slain by an orc priest

Illustrated notes

Levels and vault maps discovered:
D:1:      ncdulo_watergridlock, layout_loops_ring
D:2:      layout_basic
D:3:      layout_basic, shapermc_ecumenical_altar_mp_urbaneastern,
          uniq_crazy_yiuf_cottage, uniq_robin, uniq_natasha

Skill      XL: |  1  2  3  4 |
---------------+-------------+-----
Fighting       | 3 |  3.4
Ranged Weapons | 5 |  5.4
Dodging        | |  1.7
Stealth        | |  1.2

Action                     |  1- 3 |  4- 6 || total
---------------------------+-------+-------++-------
  Melee: Shortbow          |       |     1 ||     1
   Fire: Shortbow          |    59 |    58 ||   117
 Armour: Leather armour    |     8 |     4 ||    12
  Dodge: Dodged            |     9 |    18 ||    27

Table legend: (Time is in decaauts)
 A = Elapsed time spent in this place.
 B = Non-inter-level travel time spent in this place.
 C = Inter-level travel time spent in this place.
 D = Time resting spent in this place.
 E = Time spent auto-exploring this place.
 F = Levels seen in this place.
 G = Mean time per level.
                   A        B        C        D        E       F      G
               +--------+--------+--------+--------+--------+-----+--------+
         Total |   1611 |   1568 |     43 |     53 |   1231 |   3 |  537.0 |
       Dungeon |   1611 |   1568 |     43 |     53 |   1231 |   3 |  537.0 |
               +--------+--------+--------+--------+--------+-----+--------+

Top non-repeatable levels by time:
     D:1: 838 daAuts
     D:2: 740 daAuts
     D:3: 33 daAuts
